 Dungeon Crawl Stone Soup version 0.30-b1-2-g02819fbbbe (webtiles) character file.

Game seed: 16236520859856247426

1234 Metae the Covered (level 8, -4/71 HPs)
             Began as a Minotaur Fighter on June 22, 2023.
             Slain by a gnoll bouda
             ... wielding a +0 club
              (7 damage)
             ... on level 5 of the Dungeon.
             The game lasted 00:13:13 (4411 turns).

Metae the Covered (Minotaur Fighter)                Turns: 4411, Time: 00:13:15

Health: -4/71      AC:  1    Str: 22    XL:     8   Next: 24%
Magic:  7/7        EV: 11    Int:  1    God:
Gold:   361        SH:  5    Dex: 11    Spells: 7/7 levels left

rFire   + + .        a - +4 war axe "Doxoil" {flame, rElec rF++ Int-4}
rCold   . . .        c - +0 buckler
rNeg    . . .        (no body armour)
rPois   .            (helmet restricted)
rElec   +            d - +0 cloak
rCorr   .            (no gloves)
SInv    .            (no boots)
Will    .....        (no amulet)
Stlth   +            (no ring)
HPRegen 0.31/turn    (no ring)
MPRegen 0.10/turn

%: no passive effects
@: weakened, studying Long Blades
A: horns 2, retaliatory headbutt
a: no special abilities


You were on level 5 of the Dungeon.
You visited 1 branch of the dungeon, and saw 5 of its levels.
You also visited: Sewer.

You collected 361 gold pieces.

Inventory:

Hand Weapons
 a - the +4 war axe "Doxoil" (weapon) {flame, rElec rF++ Int-4}
   (You found it on level 5 of the Dungeon)

   Int:       It affects your intelligence (-4).
   rF:        It greatly protects you from fire.
   rElec:     It insulates you from electricity.
 b - a +1 sling of draining
 y - the +5 hammer "Seis" {spect, rC+ SInv}
   (You found it on level 2 of the Dungeon)

   rC:        It protects you from cold.
   SInv:      It lets you see invisible.
 z - the +5 hammer "Concordance" {protect, rElec Str+3 Dex-5}
   (You found it on level 2 of the Dungeon)

   Str:       It affects your strength (+3).
   Dex:       It affects your dexterity (-5).
   rElec:     It insulates you from electricity.
Missiles
 f - 2 poisoned darts (quivered)
 h - 3 datura-tipped darts
 i - 35 stones
 q - 2 silver boomerangs
Armour
 c - a +0 buckler (worn)
 d - a +0 cloak (worn)
 F - a +0 chain mail
Jewellery
 G - a +4 ring of slaying
 H - a ring of willpower
Wands
 E - a wand of iceblast (20)
 I - a wand of polymorph (2)
Scrolls
 e - a scroll of brand weapon {unknown}
 g - 3 scrolls of identify {unknown}
 k - a scroll of amnesia {unknown}
 l - 4 scrolls of fog {unknown}
 m - 4 scrolls of summoning {unknown}
 o - 3 scrolls of enchant armour {unknown}
 p - 7 scrolls of teleportation {unknown}
 v - 2 scrolls of magic mapping {unknown}
Potions
 j - 2 potions of heal wounds
 n - a potion of magic {unknown}
 r - a potion of flight {unknown}
 s - 2 potions of invisibility {unknown}
 t - 3 potions of curing {unknown}
 u - a potion of degeneration {unknown}
 w - a potion of brilliance {unknown}
 x - a potion of mutation {unknown}
 A - 3 potions of resistance {unknown}
 B - a potion of haste {unknown}
 C - 2 potions of cancellation {unknown}
 D - a potion of attraction {unknown}


   Skills:
 + Level 6.7 Fighting
 + Level 1.2(3.9) Axes
 - Level 5.9(6.0) Maces & Flails
 + Level 2.5 Ranged Weapons
 + Level 6.8 Armour
 + Level 6.7 Shields


You had 7 spell levels left.
You didn't know any spells.
Your spell library contained the following spells:

 Spells                   Type           Power      Damage    Failure   Level
 Kiss of Death            Conj/Necr      0%         2d5       63%         1
 Shock                    Conj/Air       0%         1d3       63%         1
 Confusing Touch          Hex            0%         N/A       94%         3
 Swiftness                Air            0%         N/A       94%         3
 Airstrike                Air            0%         2d(0-16)  100%        4
 Dispel Undead            Necr           0%         3d6       100%        4
 Summon Forest            Summ/Tloc      0%         N/A       100%        5
 Eringya's Noxious Bog    Tmut/Pois      0%         N/A       100%        6
 Summon Hydra             Summ           0%         N/A       100%        7


Dungeon Overview and Level Annotations

Branches:
Dungeon (5/15)              Sewer (visited)
 Temple: D:4-7

Altars:
Fedhas

Shops:
D:1 :   D:4 [


Innate Abilities, Weirdness & Mutations

You have a pair of horns on your head.
You reflexively headbutt those who attack you in melee.


Message History

The gnoll is healed somewhat.
You see here a throwing net.
The gnoll attacks as you move away! The gnoll barely misses you.
You furiously retaliate!
You headbutt the gnoll!
You kill the gnoll!
The gnoll bouda gazes fiercely through you!
You feel as though you will be weak longer.
The gnoll bouda gazes fiercely through you!
You feel as though you will be weak longer.
The gnoll hits you but does no damage.
You barely miss the gnoll. The gnoll barely misses you.
You furiously retaliate!
You headbutt the gnoll.
The gnoll hits you from afar with a +0 spear!
* * * LOW HITPOINT WARNING * * *
You slash the gnoll! You burn the gnoll.
You kill the gnoll!
It was a potion of heal wounds.
You feel much better. The gnoll bouda barely misses you.
The gnoll barely misses you.
Things that are here:
a +0 whip; a gnoll corpse You hit the gnoll bouda but do no damage.
The gnoll bouda is moderately wounded.
The gnoll bouda barely misses you.
The gnoll hits you from afar with a +0 spear.
The gnoll bouda hits you with a +0 club.
* * * LOW HITPOINT WARNING * * *
You hit the gnoll bouda. You burn the gnoll bouda.
The gnoll bouda is almost dead.
The gnoll closely misses you.
The gnoll bouda gazes fiercely through you!
You feel as though you will be weak longer.
The gnoll bouda hits you with a +0 club!
* * * LOW HITPOINT WARNING * * *
You barely miss the gnoll bouda. Your headbutt misses the gnoll bouda.
The gnoll bouda is almost dead.
The gnoll is no longer moving quickly.
The gnoll hits you from afar with a +0 spear.
* * * LOW HITPOINT WARNING * * *
The gnoll bouda hits you with a +0 club!
You die...

#.# #.#.#+..)+#.#. #.###
#.##.#...#.#.#
#...###.#.#'...'#.#.
#####.#.....####...##.#.
#.....#.###.####...##.##
#.#####.###......##.#.#
#..>......'......'..#.#
#######.###......##.#.#
#@# #......##'#+##
#######g# ########......
##......g# #......
#......### #......
#.....(# #......
#...<).#### #......
#.........# #......
#.........# #......
###^......# #......


You could see a gnoll bouda and a gnoll.

Vanquished Creatures
  Sigmund (D:2)
  A water moccasin (D:5)
  An ice beast (D:5)
  A centaur (D:5)
  2 bullfrogs (Sewer)
  A scorpion (D:4)
  A jelly (D:5)
  Crazy Yiuf (D:2)
  2 hounds (D:4)
  An orc priest (D:3)
  An iguana (D:5)
  Natasha (thrice) (D:2)
  Robin (D:2)
  7 gnolls
  9 adders
  4 river rats
  2 shadow imps (D:5)
  3 worms (D:2)
  A dart slug (D:1)
  7 orcs
  18 ball pythons
  5 endoplasms
  3 giant cockroaches
  11 goblins
  16 hobgoblins
  3 quokkas
  7 bats
  9 frilled lizards
  10 kobolds
  36 rats
168 creatures vanquished.

Vanquished Creatures (others)
  An adder (D:5)
1 creature vanquished.

Grand Total: 169 creatures vanquished

Notes
Turn   | Place    | Note
-------+----------+-------------------------------------------
     0 | D:1      | Metae the Minotaur Fighter began the quest for the Orb.
     0 | D:1      | Reached XP level 1. HP: 19/19 MP: 0/0
   192 | D:1      | Reached XP level 2. HP: 23/27 MP: 1/1
   441 | D:1      | Found Beilesk's Book Shop.
   543 | D:1      | Found a faded altar of an unknown god.
   913 | D:2      | Reached XP level 3. HP: 24/33 MP: 2/2
  1215 | D:2      | Noticed Natasha
  1221 | D:2      | Killed Natasha
  1222 | D:2      | Reached XP level 4. HP: 39/41 MP: 3/3
  1310 | D:2      | Noticed Sigmund
  1330 | D:2      | HP: 2/41 [something (3)]
  1331 | D:2      | Killed Sigmund
  1332 | D:2      | Reached skill level 5 in Fighting
  1332 | D:2      | Reached skill level 5 in Armour
  1332 | D:2      | Reached skill level 5 in Shields
  1332 | D:2      | Reached XP level 5. HP: 2/48 MP: 4/4
  1533 | D:2      | Noticed Robin
  1543 | D:2      | Killed Robin
  1544 | D:2      | Reached XP level 6. HP: 55/56 MP: 5/5
  1558 | D:2      | Noticed Natasha
  1562 | D:2      | Killed Natasha
  1609 | D:2      | Identified the +9 hammer "Qosaef" {drain, rN+ Dex+5}
  1612 | D:2      | Found a runed translucent door.
  1613 | D:2      | Noticed Crazy Yiuf
  1621 | D:2      | Killed Crazy Yiuf
  1625 | D:2      | Identified the +5 hammer "Concordance" {protect, rElec
                  | Str+3 Dex-5}
  1628 | D:2      | Identified the +5 hammer "Seis" {spect, rC+ SInv}
  1788 | D:2      | Noticed Natasha
  1794 | D:2      | Killed Natasha
  2017 | D:3      | Found a glowing drain.
  2112 | Sewer    | Entered a sewer
  2565 | Sewer    | Reached skill level 5 in Maces & Flails
  2565 | Sewer    | Reached XP level 7. HP: 59/62 MP: 6/6
  3353 | D:4      | Found a blossoming altar of Fedhas.
  3374 | D:4      | Reached skill level 1 in Ranged Weapons
  3598 | D:4      | Found Zihonaam's Antique Armour Emporium.
  3754 | D:5      | Entered Level 5 of the Dungeon
  3842 | D:5      | Reached XP level 8. HP: 53/71 MP: 7/7
  3978 | D:5      | Identified the +4 war axe "Doxoil" {flame, rElec rF++
                  | Int-4}
  4256 | D:5      | Reached skill level 1 in Axes
  4411 | D:5      | HP: 3/71 [gnoll/+0 spear[a gnoll bouda] (3)]
  4411 | D:5      | Slain by a gnoll bouda

Illustrated notes

Levels and vault maps discovered:
D:1:      tarquinn_simple_flora_water_d, layout_loops_ring, serial_shops, shop,
          ebering_ecumenical_altar_hall
D:2:      layout_basic, uniq_crazy_yiuf_cottage, uniq_sigmund, uniq_robin,
          uniq_natasha
D:3:      layout_loops_ring, portal_sewer_entry_b, minivault_25
D:4:      layout_basic, old_standard_altar, serial_shops, shop
D:5:      layout_basic, temple_hall, serial_shops, kennysheep_little_box,
          kennysheep_generic_room_16

Skill      XL: |  1  2  3  4  5  6  7  8 |
---------------+-------------------------+-----
Fighting       | 4 5 6 |  6.7
Shields        | 4 5 6 |  6.7
Armour         | 4 5 6 |  6.8
Maces & Flails | 3 4 5 |  5.9
Ranged Weapons | 2 |  2.5
Axes           | 1 |  1.2

Action                     |  1- 3 |  4- 6 |  7- 9 || total
---------------------------+-------+-------+-------++-------
  Melee: Flail             |    82 |    55 |       ||   137
         Headbutt          |     7 |    14 |    10 ||    31
         Mace              |       |   114 |    87 ||   201
         War axe           |       |       |    14 ||    14
   Fire: Sling             |       |       |     4 ||     4
  Throw: Dart              |       |       |     1 ||     1
    Use: Potion            |       |     1 |     1 ||     2
 Armour: Scale mail        |    36 |   109 |    60 ||   205
         Skin              |       |       |     1 ||     1
  Dodge: Dodged            |    37 |    94 |    70 ||   201
  Block: Buckler           |    19 |    50 |    27 ||    96
